AoeStats
← DG

African Clearing

506748852Analyzed
4v4 RM · 16d ago on Sep 15, 2026· 38m 36s· 8 players
Game mode
Random Map
Map size
Large (8 player)
Population
200
Speed
Normal
Resources
Standard
Victory
Conquest
Starting age
Dark Age
Ending age
Imperial Age
RankedLock teamsTeams togetherTeam positionsShared explorationLock speedFull tech treeHidden civsTurbo modeCheats
Victory
Defeat
🇨🇴 Dravidians · Colombia
734
+15
🇨🇦 Spanish · Canada
721
+16
🇹🇷 Persians · Türkiye
681
+17
🇧🇷 Jurchens · Brazil
665
+18
🇵🇪 Wu · Peru
739
-17
🇦🇷 Romans · Argentina
719
-17
🇧🇷 Huns · Brazil
713
-17
🇦🇷 Goths · Argentina
669
-15
Hachita Ludueña
14:27 Feudal Age
15:59 Loom
17:50 Bloodlines
18:40 Forging
20:32 Man-at-Arms
23:01 Scale Mail Armor
MiguelAngel
15:50 Feudal Age
22:19 Castle Age
20:51 Stone Mining
20:55 Gold Mining
26:55 Double-Bit Axe
29:25 Gold Shaft Mining
29:29 Stone Shaft Mining
29:07 Bow Saw
31:44 Imperial Age
30:27 Horse Collar
32:04 Heavy Plow
32:53 Wheelbarrow
32:09 Heavy Hei Guang Cavalry
33:40 Husbandry
33:53 Bloodlines
34:41 Hand Cart
37:01 Scale Mail Armor
37:07 Scale Barding Armor
•SHS - Léo
7:28 Loom
21:13 Feudal Age
23:36 Double-Bit Axe
28:52 Castle Age
27:51 Man-at-Arms
panchocilveira
4:16 Loom
15:41 Feudal Age
17:00 Wheelbarrow
18:07 Town Watch
18:16 Double-Bit Axe
20:18 Man-at-Arms
29:02 Castle Age
29:48 Town Patrol
29:46 Gold Mining
29:59 Stone Mining
34:23 Hand Cart
DG
12:39 Loom
16:33 Feudal Age
17:59 Scale Mail Armor
18:40 Double-Bit Axe
18:48 Gold Mining
20:24 Forging
20:06 Man-at-Arms
23:05 Arson
26:36 Wheelbarrow
28:14 Castle Age
26:55 Stone Mining
29:12 Wheelbarrow
28:22 Horse Collar
28:53 Bow Saw
30:22 Iron Casting
32:29 Heavy Plow
33:10 Gold Shaft Mining
33:59 Hand Cart
39:52 Imperial Age
37:28 Fletching
37:38 Padded Archer Armor
Arcanine1220
9:48 Loom
13:38 Feudal Age
20:18 Man-at-Arms
22:16 Arson
26:01 Scale Mail Armor
32:43 Wheelbarrow
Cholo-Mochica
13:09 Loom
15:49 Feudal Age
15:51 Man-at-Arms
22:05 Double-Bit Axe
24:33 Horse Collar
29:38 Castle Age
30:29 Heavy Plow
31:54 Wheelbarrow
31:04 Town Watch
37:06 Hand Cart
Searam
Connection lost

Rejoining the realm…

Still unreachable

The connection could not be restored.

Session expired

The server has moved on; the page needs a fresh start.